 Dungeon Crawl Stone Soup version 0.27-a0-998-g4cfe56dd59 (webtiles) character file.

Game seed: 4835493236430177118

66 DarkShadow the Shield-Bearer (level 3, -1/33 HPs)
             Began as a Minotaur Fighter on Apr 17, 2021.
             Killed by divine providence
             ... invoked by an orc priest
              (9 damage)
             ... on level 3 of the Dungeon.
             The game lasted 00:04:33 (2337 turns).

DarkShadow the Shield-Bearer (Minotaur Fighter)     Turns: 2337, Time: 00:04:34

Health: -1/33      AC:  9    Str: 21    XL:     3   Next: 96%
Magic:  2/2        EV:  5    Int:  5    God:
Gold:   62         SH: 10    Dex:  9    Spells: 2/2 levels left

rFire    . . .     SeeInvis .   a - +0 long sword
rCold    . . .     Faith    .   c - +1 kite shield
rNeg     . . .     Spirit   .   i - +0 chain mail
rPois    .         Reflect  .   (helmet restricted)
rElec    .         Harm     .   (no cloak)
rCorr    .         Rampage  .   (no gloves)
Will     .....                  (no boots)
Stlth    ..........             (no amulet)
HPRegen  0.11/turn              (no ring)
MPRegen  0.08/turn              (no ring)

@: no status effects
A: horns 2, retaliatory headbutt
a: no special abilities


You were on level 3 of the Dungeon.
You visited 1 branch of the dungeon, and saw 3 of its levels.

You collected 62 gold pieces.

Inventory:

Hand Weapons
 a - a +0 long sword (weapon)
Armour
 b - a +0 scale mail
 c - a +1 kite shield (worn)
 i - a +0 chain mail (worn)
Jewellery
 k - a ring of fire
Scrolls
 e - a scroll of noise
 f - a scroll of identify
Potions
 d - a potion of might
 h - 2 potions of curing
 m - a potion of attraction
 n - a potion of magic {unknown}
 p - a potion of berserk rage {unknown}


   Skills:
 + Level 4.1 Fighting
 + Level 3.1 Long Blades
 + Level 4.3 Armour
 + Level 4.5 Shields


You had 2 spell levels left.
You didn't know any spells.
Your spell library was empty.

Dungeon Overview and Level Annotations

Branches:
Dungeon (3/15)

Altars:


Innate Abilities, Weirdness & Mutations

You have a pair of horns on your head.
You reflexively headbutt those who attack you in melee.


Message History

An orc comes into view. It is wielding a +0 dagger.
The orc priest miscasts a cantrip.
You closely miss the adder.
The adder is heavily wounded.
The adder bites you. The adder barely misses you. You furiously retaliate!
You headbutt the adder.
You riposte.
You closely miss the adder. You headbutt the adder.
The adder is almost dead.
The orc priest invokes the aid of Beogh against you.
Pain shoots through your body!
An orc comes into view. It is wielding a +0 club.
Your shield and chain mail prevent you from hitting the adder.
The adder is almost dead.
The orc shouts!
The adder barely misses you. You block the orc priest's attack.
The adder barely misses you. You furiously retaliate!
You headbutt the adder!
You kill the adder!
The orc priest invokes the aid of Beogh against you.
Pain shoots through your body!
The orc priest hits you but does no damage.
You see here an adder corpse.
You barely miss the orc priest.
The orc priest is lightly wounded.
The orc priest looks braver for a moment.
The orc barely misses you. You furiously retaliate!
You headbutt the orc! You hit the orc priest.
The orc priest is lightly wounded.
You block the orc priest's attack. The orc barely misses you.
The orc hits you with a +0 flail.
The orc priest hits you but does no damage.
The orc hits you but does no damage. The orc hits you with a +0 flail.
* * * LOW HITPOINT WARNING * * *
You closely miss the orc priest. Your headbutt misses the orc priest.
The orc priest is lightly wounded.
You block the orc priest's attack. The orc hits you but does no damage. x2
You closely miss the orc priest. You headbutt the orc priest!
The orc priest is almost dead.
The orc priest invokes the aid of Beogh against you.
Beogh smites you!
You die...

############
#..........#
##.########.#
#######...#######.####
.......o#............#
####.##@oo#..........###
# ##o##.#####.##.... o#
# #.##.### .# #.##.##.
.. #.##.##. .# #....##.
.# #..####. .. ... #.
##.# ##


You could see an orc priest and 4 orcs.

Vanquished Creatures
  4 adders
  A dart slug (D:2)
  2 ball pythons (D:2)
  3 endoplasms
  A giant cockroach (D:1)
  2 hobgoblins (D:2)
  3 jackals (D:3)
  A kobold (D:2)
  4 quokkas (D:2)
  4 bats (D:2)
  2 rats (D:1)
27 creatures vanquished.

Notes
Turn   | Place    | Note
-------+----------+-------------------------------------------
     0 | D:1      | DarkShadow the Minotaur Fighter began the quest for the
                  | Orb.
     0 | D:1      | Reached XP level 1. HP: 19/19 MP: 0/0
   424 | D:1      | Found a faded altar of an unknown god.
  1101 | D:2      | Reached XP level 2. HP: 27/27 MP: 1/1
  1323 | D:2      | Reached XP level 3. HP: 29/33 MP: 2/2
  2337 | D:3      | Killed from afar by an orc priest

Illustrated notes

Levels and vault maps discovered:
D:1:      heliophobic_arrival_glass_houses, layout_loops_ring,
          shapermc_ecumenical_altar_starsandcircs
D:2:      minmay_recursive_quarters, layout_loops_corners, serial_bayou_pond_a,
          minmay_3d_cube
D:3:      layout_loops_ring, minitemple, minmay_strange_pillars

Skill      XL: |  1  2  3 |
---------------+----------+-----
Shields        | 4 |  4.5
Fighting       | 4 |  4.1
Armour         | 4 |  4.3
Long Blades    | 3 |  3.1

Action                   || total
-------------------------++-------
Melee: Long sword        ||    60
       Headbutt          ||    12
  Use: Scroll            ||     9
Armor: Chain mail        ||    54
       Scale mail        ||     1
Dodge: Dodged            ||    21
Block: Kite shield       ||    54
       Rpst.: Long sword ||     6

Table legend: (Time is in decaauts)
 A = Elapsed time spent in this place.
 B = Non-inter-level travel time spent in this place.
 C = Inter-level travel time spent in this place.
 D = Time resting spent in this place.
 E = Time spent auto-exploring this place.
 F = Levels seen in this place.
 G = Mean time per level.
                   A        B        C        D        E       F      G
               +--------+--------+--------+--------+--------+-----+--------+
         Total |   2370 |   2370 |      0 |    257 |   1807 |   3 |  790.0 |
       Dungeon |   2370 |   2370 |      0 |    257 |   1807 |   3 |  790.0 |
               +--------+--------+--------+--------+--------+-----+--------+

Top non-repeatable levels by time:
     D:1: 1103 daAuts
     D:2: 1102 daAuts
     D:3: 164 daAuts
